 Dungeon Crawl Stone Soup version 0.21-a0-113-g6841d05 (webtiles) character file.

35 Ordine the Magician (level 3, 1/28 HPs)
             Began as a Tengu Wizard on July 12, 2017.
             Quit the game on level 2 of the Dungeon.
             The game lasted 00:02:53 (800 turns).

Ordine the Magician (Tengu Wizard)                   Turns: 800, Time: 00:02:54

Health: 1/28       AC: 21    Str:  7    XL:     3   Next: 35%
Magic:  0/8        EV:  2    Int: 19    God:
Gold:   34         SH:  0    Dex: 17    Spells: 5/8 levels left

rFire    . . .     SeeInvis .   l - -2 dagger (curse)
rCold    . . .     Gourm    .   (no shield)
rNeg     + + +     Faith    .   (armour currently unavailable)
rPois    +         Spirit   .   (helmet currently unavailable)
rElec    .         Reflect  .   (cloak currently unavailable)
rCorr    .         Harm     .   (gloves currently unavailable)
MR       .....     NoTele   +   (boots unavailable)
Stlth    +++.......             (no amulet)
HPRegen  0.09/turn              (no ring)
MPRegen  0.11/turn              (no ring)

@: agile, lethally poisoned (1 -> -10), tree-form
A: no striking features
a: no special abilities


You were on level 2 of the Dungeon.
You were not hungry.
You were a tree.
You visited 1 branch of the dungeon, and saw 2 of its levels.

You collected 34 gold pieces.

Inventory:

Hand Weapons
 e - a +0 club
 l - a cursed -2 dagger (weapon)
Armour
 a - a +0 robe (melded)
 b - a +0 hat (melded)
Potions
 h - 3 potions of lignification
Books
 c - a book of Minor Magic

   Spells                             Type                      Level
   a - Magic Dart                     Conjuration                  1
   b - Blink                          Translocation                2
   c - Call Imp                       Summoning                    2
   d - Slow                           Hexes                        2
   e - Conjure Flame                  Conjuration/Fire             3
   f - Mephitic Cloud                 Conjuration/Poison/Air       3
Comestibles
 d - a bread ration
 f - a meat ration
 g - 13 chunks of flesh
 i - 4 fruits


   Skills:
 + Level 2.7 Dodging
 + Level 2.4 Stealth
 - Level 3.0 Spellcasting
 - Level 3.0 Conjurations
   Level 1.2 Summonings
 + Level 1.0 Translocations


You had 5 spell levels left.
You knew the following spells:

 Your Spells              Type           Power        Failure   Level  Hunger
a - Magic Dart            Conj           ##..         4%          1    None
b - Blink                 Tloc           N/A          16%         2    ##.....


Dungeon Overview and Level Annotations

Branches:
Dungeon (2/15)

Altars:
Fedhas
Gozag


Innate Abilities, Weirdness & Mutations

((You have a beak for a mouth.))
((You have claws for feet.))


Message History

Press: ? - help, Shift-Dir - straight line, f/p - leopard gecko
Aim: a leopard gecko (lightly wounded, clinging)
The magic dart hits the adder.
The adder is severely wounded.
You feel sick. The adder bites you.
* * * LOW HITPOINT WARNING * * *
You are more poisoned.
The adder poisons you! The adder bites you.
* * * LOW HITPOINT WARNING * * *
It was a potion of lignification.
You turn into a tree.
Your +0 hat melds into your body.
Your +0 robe melds into your body.
Your roots penetrate the ground.
* * * LOW HITPOINT WARNING * * *
You feel sick. The adder bites you but does no damage.
You are stuck in your current form!
It was a potion of agility.
You feel agile all of a sudden.
* * * LOW HITPOINT WARNING * * *
You feel sick. The adder bites you but does no damage.
Are you sure you want to abandon this character and quit the game? (Confirm with "yes".)

..(.......#...#......#...
...#####...#8_8#........#
# ... ###.#####........#
.# # ..
#..###.........###.#.#.
##..##.................
##..##............#
##..l###.#.#.<#.....
###S#.._..##......#
#.♣.#.#######..## #####..
.# ### #


You could see an adder and a leopard gecko.

Vanquished Creatures
  A dart slug (D:1)
  2 leopard geckos (D:2)
  A ball python (D:1)
  5 bats (D:1)
  2 giant cockroaches (D:1)
  5 goblins
  5 hobgoblins
  2 kobolds (D:1)
  2 frilled lizards (D:1)
  2 rats
27 creatures vanquished.

Notes
Turn   | Place    | Note
-------+----------+-------------------------------------------
     0 | D:1      | Ordine the Tengu Wizard began the quest for the Orb.
     0 | D:1      | Reached XP level 1. HP: 10/10 MP: 5/5
   267 | D:1      | Reached XP level 2. HP: 13/15 MP: 2/7
   279 | D:1      | Learned a level 2 spell: Blink
   588 | D:1      | Reached skill level 1 in Translocations
   593 | D:1      | Reached XP level 3. HP: 19/19 MP: 3/8
   697 | D:2      | Found a blossoming altar of Fedhas.
   734 | D:2      | Found an opulent altar of Gozag.
   799 | D:2      | HP: 1/28 [poisoned by an adder]
   800 | D:2      | Quit the game

Vault maps used:
D:1:      saegor_arrival_simple_e, minmay_tree_intersection
D:2:      lemuel_zombie_altar_kikubaaqudgha, lemuel_crystal_altar,
          grunt_gozag_breadcrumbs, minmay_misc_feat_nine_boxes

Skill      XL: |  1  2  3 |
---------------+----------+-----
Conjurations   | 2 3 |  3.0
Translocations | 1 |  1.0
Dodging        | |  2.7
Stealth        | |  2.4
Spellcasting   | |  3.0
Summonings     | |  1.2

Action                   || total
-------------------------++-------
Melee: Unarmed           ||     4
       Club              ||     3
 Cast: Magic Dart        ||    61
  Use: Potion            ||     2
       Scroll            ||     1
Armor: Robe              ||     5
       Skin              ||     2
Dodge: Dodged            ||    20
